 Dungeon Crawl Stone Soup version 0.21-a0-273-g0785366 (webtiles) character file.

204 vladimirx the Chiller (level 5, -20/39 HPs)
             Began as a Demigod Ice Elementalist on Sept 17, 2017.
             Demolished by an ogre
             ... wielding a +0 giant club
              (25 damage)
             ... on level 4 of the Dungeon.
             The game lasted 00:11:05 (3384 turns).

vladimirx the Chiller (Demigod Ice Elementalist)    Turns: 3384, Time: 00:11:05

Health: -20/39     AC:  3    Str: 11    XL:     5   Next: 26%
Magic:  4/12       EV: 13    Int: 21    God:
Gold:   159        SH:  0    Dex: 20    Spells: 0/10 levels left

rFire    . . .     SeeInvis .   h - +0 dagger
rCold    . . .     Gourm    .   (no shield)
rNeg     . . .     Faith    .   a - +0 robe
rPois    .         Spirit   .   (no helmet)
rElec    .         Reflect  .   (no cloak)
rCorr    .         Harm     .   I - +0 pair of gloves
MR       .....                  (no boots)
Stlth    ++........             (no amulet)
HPRegen  0.13/turn              d - +4 ring of dexterity
MPRegen  0.13/turn              (no ring)

@: no status effects
A: high mp 1
a: no special abilities


You were on level 4 of the Dungeon.
You were not hungry.

You visited 1 branch of the dungeon, and saw 4 of its levels.

You collected 159 gold pieces.

Inventory:

Hand Weapons
 e - a +0 short sword
 h - a +0 dagger (weapon)
 o - a +0 spear
Missiles
 f - 206 stones (quivered)
Armour
 a - a +0 robe (worn)
 p - a +0 ring mail
 I - a +0 pair of gloves (worn)
Jewellery
 d - a +4 ring of dexterity (left hand)
Wands
 z - a wand of iceblast (8/15)
 D - a wand of flame (33/48)
Scrolls
 g - a scroll of random uselessness {unknown}
 i - a scroll of identify {unknown}
 k - 3 scrolls of teleportation {unknown}
 n - 2 scrolls of remove curse {unknown}
 s - a scroll of noise {unknown}
 u - 3 scrolls of enchant armour {unknown}
 w - a scroll of fog {unknown}
 B - a scroll of magic mapping {unknown}
 C - a scroll of immolation {unknown}
 F - 2 scrolls of enchant weapon {unknown}
 G - a scroll of recharging {unknown}
Potions
 m - 2 potions of ambrosia {unknown}
 q - a potion of heal wounds {unknown}
 r - a potion of resistance {unknown}
 t - a potion of might {unknown}
 v - a potion of agility {unknown}
 x - a potion of mutation {unknown}
 A - a potion of curing {unknown}
 H - a potion of berserk rage {unknown}
Books
 b - a book of Frost

   Spells                             Type                      Level
   a - Freeze                         Ice                          1
   b - Throw Frost                    Conjuration/Ice              2
   c - Ozocubu's Armour               Charms/Ice                   3
   d - Throw Icicle                   Conjuration/Ice              4
   e - Summon Ice Beast               Ice/Summoning                4
 y - a book of Changes

   Spells                             Type                      Level
   a - Beastly Appendage              Transmutation                1
   b - Sticks to Snakes               Transmutation                2
   c - Spider Form                    Transmutation/Poison         3
   d - Ice Form                       Ice/Transmutation            4
   e - Blade Hands                    Transmutation                5
Comestibles
 c - 5 bread rations
 j - 2 meat rations
 l - 2 royal jellies
 E - 6 chunks of flesh


   Skills:
 + Level 0.3 Fighting
 + Level 2.4 Dodging
 + Level 2.1 Stealth
 * Level 3.3 Spellcasting
 * Level 1.1 Conjurations
 * Level 4.1 Ice Magic


You couldn't memorise any spells.
You knew the following spells:

 Your Spells              Type           Power        Failure   Level  Hunger
a - Freeze                Ice            ###.         2%          1    None
b - Throw Frost           Conj/Ice       ##....       7%          2    ##.....
c - Ozocubu's Armour      Chrm/Ice       ##......     17%         3    ###....
d - Throw Icicle          Conj/Ice       ##......     41%         4    ####...


Dungeon Overview and Level Annotations

Branches:
Dungeon (4/15)
 Temple: D:4-7


Innate Abilities, Weirdness & Mutations

You have an increased reservoir of magic. (+10% MP)


Message History

The ogre is severely wounded.
The ogre hits you with a giant club!
* * * LOW HITPOINT WARNING * * *
Casting: Freeze
Confirm with . or Enter, or press ? or * to list all spells.
Aiming: Freeze
Press: ? - help, Shift-Dir - straight line, f/p - ogre
Aim: an ogre, wielding a giant club (severely wounded)
You freeze the ogre.
The ogre is severely wounded.
Casting: Freeze
Confirm with . or Enter, or press ? or * to list all spells.
Aiming: Freeze
Press: ? - help, Shift-Dir - straight line, f/p - ogre
Aim: an ogre, wielding a giant club (severely wounded)
You freeze the ogre.
The ogre is almost dead.
The ogre hits you with a giant club!!
Ouch! That really hurt!
You die...

#.# #.# #..#
#.# #.# #..#
#.# ###.#
######..##
#.###.#.#
#........#
...#.#..#
#.####...#
#...###.###.#
#...#
#>.#.#......#
#...#
#..##.#######
##..#####
#..###
#@........
...#
#O..#####.
##.#
######...#
#.#
#........#
#.#
#..........#
...
..###>$...##
#.< #.......
...#
#.####### ..#
(.


You could see an ogre.

Vanquished Creatures
  A hound (D:4)
  A worker ant (D:4)
  5 adders
  An ooze (D:1)
  2 worms (D:3)
  A dart slug (D:1)
  2 leopard geckos
  6 orcs (D:3)
  9 bats
  5 giant cockroaches
  12 goblins
  11 hobgoblins
  3 quokkas
  6 frilled lizards
  14 kobolds
  A leopard gecko skeleton (D:4)
  7 rats
87 creatures vanquished.

Notes
Turn   | Place    | Note
-------+----------+-------------------------------------------
     0 | D:1      | vladimirx the Demigod Ice Elementalist began the quest for the Orb.
     0 | D:1      | Reached XP level 1. HP: 14/14 MP: 5/5
   255 | D:1      | Reached XP level 2. HP: 20/20 MP: 4/7
   256 | D:1      | Reached skill level 3 in Ice Magic
   308 | D:1      | Learned a level 2 spell: Throw Frost
   870 | D:1      | Reached XP level 3. HP: 24/26 MP: 9/9
  1186 | D:2      | Learned a level 3 spell: Ozocubu's Armour
  1220 | D:2      | Found a bloodstained altar of Trog.
  1393 | D:2      | Reached XP level 4. HP: 11/33 MP: 0/10
  1885 | D:3      | Found a burning altar of Makhleb.
  2587 | D:3      | Found a white marble altar of Elyvilon.
  3175 | D:4      | Reached skill level 1 in Conjurations
  3175 | D:4      | Reached skill level 4 in Ice Magic
  3175 | D:4      | Reached XP level 5. HP: 29/39 MP: 5/12
  3257 | D:4      | Learned a level 4 spell: Throw Icicle
  3372 | D:4      | Noticed an ogre
  3384 | D:4      | Demolished by an ogre

Vault maps used:
D:1:      minmay_arrival_arboretum_small
D:2:      lemuel_round_altar, first_bread
D:3:      kb_forest_paths, nicolae_overflow_hidden_temple, lemuel_crystal_altar,
          kennysheep_nub
D:4:      gammafunk_cloud_chamber, elyvilon_altar_5

Skill      XL: |  1  2  3  4 |
---------------+-------------+-----
Spellcasting   | 2 3 |  3.3
Ice Magic      | 3 4 |  4.1
Dodging        | 2 |  2.4
Stealth        | 2 |  2.1
Conjurations   | 1 |  1.1
Fighting       | |  0.3

Action                   |  1- 3 |  4- 6 || total
-------------------------+-------+-------++-------
Melee: Short sword       |     1 |       ||     1
       Unarmed           |     1 |       ||     1
       Dagger            |    24 |    26 ||    50
 Cast: Freeze            |    67 |    66 ||   133
       Throw Frost       |       |     2 ||     2
 Stab: Sleeping          |     5 |     6 ||    11
  Eat: Chunk             |     2 |     6 ||     8
Armor: Robe              |     8 |    12 ||    20
Dodge: Dodged            |    69 |    43 ||   112

Table legend:
 A = Spawn XP
 B = Non-spawn XP
 C = Spawn XP percentage of total XP
 D = Spawn monster count
 E = Non-spawn monster count
 F = Spawn count percentage of total count
 G = Total turns spent on level
                    A         B        C        D         E        F      G
               +---------+---------+-------+---------+---------+-------+---------
         Total |       0 |     292 |   0.0 |       0 |      87 |   0.0 |  3384
               +---------+---------+-------+---------+---------+-------+---------
           D:1 |       0 |      79 |   0.0 |       0 |      31 |   0.0 |  1127
           D:2 |       0 |      56 |   0.0 |       0 |      21 |   0.0 |   737
           D:3 |       0 |      78 |   0.0 |       0 |      31 |   0.0 |  1303
           D:4 |       0 |      79 |   0.0 |       0 |       4 |   0.0 |   217
               +---------+---------+-------+---------+---------+-------+---------
